 Dungeon Crawl Stone Soup version 0.25.1-2-g60ff931df9 (webtiles) character file.

Game seed: 4176783428205956123

6038 DogServant the Quickloader (level 11, 70/97 HPs)
             Began as a Formicid Hunter on Oct 16, 2020.
             Quit the game on level 2 of the Abyss.
             The game lasted 00:20:08 (10045 turns).

DogServant the Quickloader (Formicid Hunter)       Turns: 10045, Time: 00:20:09

Health: 70/97      AC: 21    Str: 20    XL:     11   Next: 11%
Magic:  15/15      EV: 13    Int: 10    God:
Gold:   517        SH:  0    Dex: 14    Spells: 10/10 levels left

rFire    . . .     SeeInvis +   a - +1 hand crossbow
rCold    . . .     Gourm    .   (no shield)
rNeg     . . .     Faith    .   o - +0 ring mail
rPois    .         Spirit   .   (helmet unavailable)
rElec    .         Reflect  .   v - +0 cloak
rCorr    .         Harm     .   G - +2 pair of gloves
MR       ++...                  h - +0 pair of boots
Stlth    +.........             (no amulet)
HPRegen  0.26/turn              J - ring of Robustness {AC+8}
MPRegen  0.14/turn              D - ring of protection from magic

@: no status effects
A: permanent stasis, dig shafts and tunnels, four strong arms, antennae 3,
iridescent scales 1, agile 1, robust 1, wild magic 1
a: Dig, Shaft Self


You were on level 2 of the Abyss.
You were hungry.

You visited 2 branches of the dungeon, and saw 10 of its levels.
You visited the Abyss 1 time.
You also visited: Bailey.

You collected 695 gold pieces.
You spent 178 gold pieces at shops.

Inventory:

Hand Weapons
 a - a +1 hand crossbow (weapon)
 p - a +2 whip of venom
 w - a +2 vorpal flail
 I - a +0 shortbow
Missiles
 i - 103 arrows
 k - 6 datura-tipped darts
 l - 27 poisoned darts
 t - 2 javelins
 H - 19 bolts (quivered)
Armour
 b - a +1 plate armour of poison resistance
 c - a +1 leather armour
 h - a +0 pair of boots (worn)
 o - a +0 ring mail (worn)
 v - a +0 cloak (worn)
 G - a +2 pair of gloves (worn)
Jewellery
 e - an uncursed ring of poison resistance
 A - a +4 ring of evasion
 D - a ring of protection from magic (right hand)
 J - the ring of Robustness (left hand) {AC+8}
   (You found it on level 7 of the Dungeon)

   [ring of protection]

   It affects your AC (+8).
Wands
 g - a wand of random effects (6)
 m - a wand of acid (5)
 y - a wand of flame (22)
Scrolls
 d - a scroll of noise {unknown}
 n - 8 scrolls of identify
 q - 3 scrolls of teleportation
 r - 3 scrolls of magic mapping
 u - a scroll of enchant armour
 B - a scroll of acquirement {unknown}
Potions
 j - 4 potions of heal wounds
 s - 3 potions of curing
 x - a potion of resistance
 z - 2 potions of might
 E - 2 potions of brilliance
 F - a potion of cancellation
Comestibles
 f - 9 rations
 C - 2 chunks of flesh


   Skills:
 - Level 9.3 Fighting
 - Level 6.6 Maces & Flails
 + Level 9.5 Crossbows
 - Level 3.0 Armour
 + Level 4.8 Dodging
 - Level 1.2 Stealth
 + Level 6.4 Evocations


You had 10 spell levels left.
You didn't know any spells.
Your spell library was empty.

Dungeon Overview and Level Annotations

Branches:
Dungeon (9/15)             Temple (1/1) D:7          Bailey (visited)
   Lair: D:8-11         Orc: D:9-12

Altars:
Ashenzari
Cheibriados
Dithmenos
Elyvilon
Fedhas
Nemelex Xobeh
Ru
Sif Muna
Trog
Uskayaw
Vehumet
Wu Jian
Xom
Yredelemnul
Zin
The Shining One

Shops:
D:4 %   D:7 :   D:8 *   D:9 [

Annotations:
D:2 Sigmund
D:4 2 transporters
D:8 Maurice


Innate Abilities, Weirdness & Mutations

You cannot be hasted, slowed, berserked, paralysed or teleported.
You can dig through walls and to a lower floor.
Your four strong arms can wield two-handed weapons with a shield.
You have a pair of large antennae on your head. (SInv)
You are partially covered in iridescent scales. (AC +2)
You are agile. (Dex +2)
You are robust. (+10% HP)
Your spells are a little harder to cast, but a little more powerful.


Message History

Found 34 gold pieces.
Found a scale mail.
You now have 517 gold pieces (gained 34).
A starcursed mass comes into view.
You see here a scale mail.
A starcursed mass splits.
A starcursed mass splits.
A starcursed mass splits.
Found 64 gold pieces.
Found a scythe.
You are feeling hungry.
Found a ration.
The hellion gives a hideous shriek!
The hellion gestures at you.
The sphere of damnation explodes!
The damnation engulfs you!!
You hear a hideous shriek!
You hear a croak.
You hear a bellow!
You hear a bark!
An Executioner comes into view.
You see here a ration.
Are you sure you want to abandon this character and quit the game? (Confirm with "yes".)

. # .# . . #.1# ..
#.#. #. #...... #..
#..#.## ...
#....@## ## ..
##.....####..###
#..#.#...#.##.#
#..#.#.#....ยงยง.##
#....#.....#.2..##
#...#... ...#.###.
#.##.....#.#......
#.# #.#.##........#
#. #.#.. .#.##..###


You could see an Executioner.

Vanquished Creatures
  2 two-headed ogres
  An orc sorcerer (D:9)
  A queen bee (D:9)
  Grinder (D:5)
  2 hippogriffs
  6 orc warriors
  An ice beast (D:8)
  2 sky beasts
  3 ogres
  3 centaurs
  6 bullfrogs
  3 jellies
  4 scorpions
  12 killer bees (D:9)
  2 howler monkeys (D:8)
  2 crimson imps
  A centaur zombie (D:8)
  4 hounds
  5 orc priests
  Crazy Yiuf (D:2)
  An iguana (D:7)
  Ijyb (D:4)
  6 orc wizards
  5 worker ants
  A hound skeleton (D:5)
  2 howler monkey zombies
  A worker ant zombie (D:5)
  10 adders
  2 shadow imps
  An adder skeleton (D:8)
  A worm (D:2)
  A dart slug (D:1)
  4 leopard geckos
  50 orcs
  A ball python (D:2)
  10 bats
  9 giant cockroaches
  6 goblins
  6 hobgoblins
  8 jackals
  4 kobolds
  6 quokkas
  3 frilled lizards
  A giant cockroach zombie (D:6)
  A leopard gecko skeleton (D:5)
  2 leopard gecko zombies
  A quokka skeleton (D:8)
  A quokka zombie (D:5)
  8 rats
215 creatures vanquished.

Vanquished Creatures (others)
  A crimson imp (D:8)
1 creature vanquished.

Grand Total: 216 creatures vanquished

Notes
Turn   | Place    | Note
-------+----------+-------------------------------------------
     0 | D:1      | DogServant the Formicid Hunter began the quest for the Orb.
     0 | D:1      | Reached XP level 1. HP: 16/16 MP: 1/1
     0 | D:1      | Noticed a ghoul
     0 | D:1      | Noticed a troll
     3 | D:1      | Noticed a vampire
     3 | D:1      | Noticed a draconian
     5 | D:1      | Noticed a ghoul
     6 | D:1      | Noticed a gargoyle
     8 | D:1      | Noticed a naga
    10 | D:1      | Noticed a formicid
    10 | D:1      | Noticed a formicid
    12 | D:1      | Noticed a spriggan
    12 | D:1      | Noticed a troll
    14 | D:1      | Noticed a vine stalker
    14 | D:1      | Noticed a spriggan
    16 | D:1      | Noticed a vampire
    16 | D:1      | Noticed an ogre
    18 | D:1      | Noticed an ogre
    18 | D:1      | Noticed a centaur
    72 | D:1      | Reached XP level 2. HP: 23/23 MP: 2/2
   515 | D:1      | Reached XP level 3. HP: 28/29 MP: 3/3
  1187 | D:2      | Reached skill level 1 in Armour
  1187 | D:2      | Reached XP level 4. HP: 35/35 MP: 4/4
  1403 | D:2      | Found a runed translucent door.
  1404 | D:2      | Noticed Crazy Yiuf
  1410 | D:2      | Killed Crazy Yiuf
  1410 | D:2      | Reached XP level 5. HP: 18/42 MP: 5/5
  1655 | D:2      | Found a hide-covered altar of Uskayaw.
  1658 | D:2      | Found a radiant altar of Vehumet.
  1661 | D:2      | Noticed Sigmund
  1748 | D:3      | Reached skill level 5 in Crossbows
  2356 | D:4      | Noticed Ijyb
  2372 | D:4      | Killed Ijyb
  2428 | D:4      | Reached XP level 6. HP: 20/48 MP: 6/6
  2686 | D:4      | Found Zustus's Food Emporium.
  2693 | D:4      | Found a transporter.
  2693 | D:4      | Noticed a green ugly thing
  2694 | D:4      | Found a blossoming altar of Fedhas.
  2696 | D:4      | Noticed an ogre
  3507 | D:4      | Found a transporter.
  3639 | D:5      | Entered Level 5 of the Dungeon
  3859 | D:5      | Noticed Grinder
  3867 | D:5      | Killed Grinder
  3867 | D:5      | Reached skill level 5 in Fighting
  3867 | D:5      | Reached XP level 7. HP: 49/56 MP: 6/8
  4278 | D:5      | Reached skill level 1 in Maces & Flails
  4318 | D:5      | Reached XP level 8. HP: 49/64 MP: 9/9
  6065 | D:7      | Noticed a hippogriff
  6075 | D:7      | Killed a hippogriff
  6166 | D:7      | Reached XP level 9. HP: 71/71 MP: 10/10
  6173 | D:7      | Found the ring of Robustness {AC+8}
  6207 | D:7      | Found a staircase to the Ecumenical Temple.
  6228 | Temple   | Entered the Ecumenical Temple
  6809 | D:7      | Found Sontoaci's Book Boutique.
  7351 | D:8      | Noticed a two-headed ogre
  7353 | D:8      | Gained mutation: Your spells are a little harder to cast,
                  | but a little more powerful. [potion of mutation]
  7353 | D:8      | Gained mutation: You are agile. (Dex +2) [potion of
                  | mutation]
  7353 | D:8      | Gained mutation: You are robust. (+10% HP) [potion of
                  | mutation]
  7353 | D:8      | Gained mutation: You are partially covered in iridescent
                  | scales. (AC +2) [potion of mutation]
  7369 | D:8      | Killed a two-headed ogre
  7369 | D:8      | Reached skill level 5 in Maces & Flails
  7369 | D:8      | Reached XP level 10. HP: 61/88 MP: 10/12
  7522 | D:8      | Found Yfa Foun's Assorted Antiques.
  7555 | D:8      | Bought a scroll of enchant armour for 157 gold pieces
  7555 | D:8      | Bought a scroll labeled OZUANEASA for 21 gold pieces
  7652 | D:8      | Found a flagged portal.
  7671 | Bailey   | Entered a bailey
  8385 | Bailey   | Noticed an orc knight
  8959 | D:8      | Noticed Maurice
  9031 | D:9      | Reached skill level 5 in Evocations
  9546 | D:9      | Found Xaeng's Armour Emporium.
  9653 | D:9      | Noticed a two-headed ogre
  9668 | D:9      | Killed a two-headed ogre
  9720 | D:9      | Reached XP level 11. HP: 79/97 MP: 15/15
  9798 | D:9      | Noticed an orc sorcerer
  9803 | D:9      | Killed an orc sorcerer
  9927 | D:9      | Noticed a wizard
  9936 | D:9      | Cast into level 2 of the Abyss (a wizard)
  9936 | Abyss:2  | Found a corrupted altar of Lugonu.
 10000 | Abyss:2  | Noticed a starcursed mass
 10044 | Abyss:2  | Noticed an Executioner
 10045 | Abyss:2  | Quit the game

Illustrated notes

Levels and vault maps discovered:
D:1:      shiori_arrival_whats_in_store_for_you, layout_basic
D:2:      layout_loops_cross, minitemple, first_ration,
          hangedman_decor_clover_reticule, uniq_crazy_yiuf_cottage, uniq_sigmund
D:3:      cheibrodos_greedy_goblins, layout_basic
D:4:      layout_loops_cross, gammafunk_temple_overflow_arena, serial_shops,
          shop, kennysheep_nondescript, uniq_ijyb
D:5:      layout_loops_corners, uniq_grinder
D:6:      layout_loops_ring
D:7:      layout_rooms, minmay_temple_entry_drinking_statues, serial_shops,
          nicolae_shop_behind_doors
D:8:      layout_basic, kennysheep_mini, enter_bailey_6, serial_shops,
          nicolae_shop_overgrown_old_shop, uniq_maurice
D:9:      cheibrodos_wizards_tower, layout_basic, erik_lair_dragon,
          serial_shops, shop, nicolae_shop_stone, nicolae_shop_trees, shop,
          david_nohive_1, hangedman_abyss_or_decor_clamps, minivault_25_ag,
          lemuel_hellish_altar
Temple:   dshaligram_water_room_temple
Abyss:2:  base:
D:13

Skill      XL: |  1  2  3  4  5  6  7  8  9 10 11 |
---------------+----------------------------------+-----
Fighting       | 3 4 5 6 8 9 |  9.3
Armour         | 1 2 3 |  3.0
Crossbows      | 5 6 7 8 9 |  9.5
Evocations     | 2 3 5 6 |  6.4
Dodging        | 2 3 4 |  4.8
Maces & Flails | 1 3 5 6 |  6.6
Stealth        | |  1.2

Action                   |  1- 3 |  4- 6 |  7- 9 | 10-12 || total
-------------------------+-------+-------+-------+-------++-------
Melee: Short sword       |    63 |       |       |       ||    63
       Whip              |    79 |   114 |   166 |   277 ||   636
       Trident           |       |    29 |    88 |       ||   117
 Fire: Hand crossbow     |     7 |    44 |    26 |    31 ||   108
       Shortbow          |       |       |       |    21 ||    21
Throw: Javelin           |       |     3 |    10 |     2 ||    15
       Dart              |       |     2 |    13 |     9 ||    24
Evoke: Wand              |       |     4 |     4 |     1 ||     9
  Use: Scroll            |     1 |     5 |     2 |     1 ||     9
       Potion            |       |     5 |     9 |       ||    14
 Stab: Sleeping          |     1 |     1 |     2 |       ||     4
       Invisible         |       |       |     3 |     1 ||     4
  Eat: Chunk             |     1 |     5 |     8 |     5 ||    19
       Ration            |       |     1 |     1 |     1 ||     3
Armor: Leather armour    |    73 |    80 |    51 |    64 ||   268
       Ring mail         |       |       |       |    32 ||    32
Dodge: Dodged            |   132 |   118 |   235 |   401 ||   886
